 Dungeon Crawl Stone Soup version 0.23-a0-61-g4bf3f6c (webtiles) character file.

25 Mgcat the Magician (level 2, -2/20 HPs)
             Began as a Draconian Wizard on Aug 9, 2018.
             Killed by nerve-wracking pain
             ... invoked by Jessica
              (10 damage)
             ... on level 2 of the Dungeon.
             The game lasted 00:02:07 (803 turns).

Mgcat the Magician (Draconian Wizard)                Turns: 803, Time: 00:02:08

Health: -2/20      AC:  4    Str:  9    XL:     2   Next: 82%
Magic:  0/6        EV: 12    Int: 18    God:
Gold:   18         SH:  0    Dex:  9    Spells: 4/7 levels left

rFire    . . .     SeeInvis .   e - +0 dagger
rCold    . . .     Gourm    .   (no shield)
rNeg     . . .     Faith    .   (armour unavailable)
rPois    .         Spirit   .   a - +0 hat
rElec    .         Reflect  .   (no cloak)
rCorr    .         Harm     .   (no gloves)
MR       .....                  (no boots)
Stlth    ++........             (no amulet)
HPRegen  0.06/turn              (no ring)
MPRegen  0.10/turn              (no ring)

@: no status effects
A: unfitting armour, cold-blooded, AC +4
a: no special abilities


You were on level 2 of the Dungeon.
You were not hungry.

You visited 1 branch of the dungeon, and saw 2 of its levels.

You collected 18 gold pieces.

Inventory:

Hand Weapons
 e - a +0 dagger (weapon)
   (You found it on level 1 of the Dungeon)
Armour
 a - a +0 hat (worn)
Scrolls
 b - a scroll of magic mapping {unknown}
 d - a scroll of enchant weapon {unknown}
 h - a scroll of fear {unknown}
 i - a scroll of remove curse {unknown}
 j - a scroll of noise {unknown}
 m - a scroll of enchant armour {unknown}
Potions
 g - a potion of curing {unknown}
 k - a potion of heal wounds {unknown}
 l - a potion of ambrosia {unknown}
Comestibles
 c - 3 rations
 f - a chunk of flesh {@w0}


   Skills:
 - Level 1.7 Dodging
 - Level 1.7 Stealth
 + Level 3.4 Spellcasting
 + Level 2.1 Conjurations
 + Level 0.0 Hexes
   Level 1.0 Summonings
   Level 1.0 Translocations


You had 4 spell levels left.
You knew the following spells:

 Your Spells              Type           Power        Failure   Level  Hunger
a - Magic Dart            Conj           ##..         6%          1    None
b - Slow                  Hex            #.......     24%         2    ##.....

Your spell library contained the following spells:

 Spells                   Type           Power        Failure   Level  Hunger
 Conjure Flame            Conj/Fire      #.......     30%         3    ###....
 Mephitic Cloud           Conj/Pois/Air  #.......     34%         3    ###....
 Blink                    Tloc           N/A          16%         2    ##.....
 Call Imp                 Summ           #.......     16%         2    ##.....


Dungeon Overview and Level Annotations

Branches:
Dungeon (2/15)

Altars:

Annotations:
D:2 Jessica


Innate Abilities, Weirdness & Mutations

Your plain brown scales are hard. (AC +4)
You cannot fit into any form of body armour.
You are cold-blooded and may be slowed by cold attacks.


Message History

A goblin comes into view.
The goblin wields a hunting sling.
The goblin shoots a stone.
The stone closely misses you.
Casting: Magic Dart (safe; 7% risk of failure)
Confirm with . or Enter, or press ? or * to list all spells.
Aiming: Magic Dart (safe; 7% risk of failure)
Press: ? - help, Shift-Dir - straight line, f - goblin
Aim: a goblin, wielding a hunting sling The magic dart hits the goblin.
You kill the goblin!
Casting: Magic Dart (safe; 6% risk of failure)
Confirm with . or Enter, or press ? or * to list all spells.
You can't see any susceptible monsters within range! (Use Z to cast anyway.) Marking area around Jessica as unsafe for travelling.
Jessica the Apprentice Sorceress comes into view.
Unknown command.
Unknown command.
Unknown command.
Unknown command.
Casting: Magic Dart (safe; 6% risk of failure)
Confirm with . or Enter, or press ? or * to list all spells.
Aiming: Slow (safe; 24% risk of failure)
Press: ? - help, Shift-Dir - straight line, f - Jessica
Aim: Jessica, wearing a robe (resting, chance to defeat MR: 45%) Jessica shouts!
Jessica resists with some effort.
Casting: Slow (safe; 24% risk of failure)
Confirm with . or Enter, or press ? or * to list all spells.
Aiming: Slow (safe; 24% risk of failure)
Press: ? - help, Shift-Dir - straight line, f/p - Jessica
Aim: Jessica, wearing a robe (chance to defeat MR: 45%) Jessica resists with some effort.
Casting: Slow (safe; 24% risk of failure)
Confirm with . or Enter, or press ? or * to list all spells.
Aiming: Magic Dart (safe; 6% risk of failure)
Press: ? - help, Shift-Dir - straight line, f/p - Jessica
Aim: Jessica, wearing a robe The magic dart hits Jessica.
Jessica is moderately wounded.
Okay, then.
Unknown command.
Casting: Magic Dart (safe; 6% risk of failure)
Confirm with . or Enter, or press ? or * to list all spells.
You don't have enough magic to cast that spell.
Unknown command.
You hit Jessica but do no damage.
Jessica is moderately wounded.
Jessica closely misses you.
You barely miss Jessica.
Jessica is moderately wounded.
Jessica closely misses you.
You closely miss Jessica.
Jessica is moderately wounded.
Jessica barely misses you.
Casting: Magic Dart (safe; 6% risk of failure)
Confirm with . or Enter, or press ? or * to list all spells.
Aiming: Magic Dart (safe; 6% risk of failure)
Press: ? - help, Shift-Dir - straight line, f/p - Jessica
Aim: Jessica, wearing a robe (moderately wounded)
The magic dart hits Jessica.
Jessica is moderately wounded.
Jessica gestures wildly while chanting.
Jessica blinks!
You hit Jessica but do no damage.
Jessica is moderately wounded.
Jessica mumbles some strange words.
Jessica seems to speed up.
You closely miss Jessica.
Jessica is moderately wounded.
Jessica hits you but does no damage.
You hit Jessica but do no damage.
Jessica is moderately wounded.
Jessica gestures wildly.
Jessica gestures wildly while chanting.
Jessica blinks!
Jessica barely misses you.
You barely miss Jessica.
Jessica is moderately wounded.
Jessica hits you but does no damage.
You closely miss Jessica.
Jessica is moderately wounded.
Jessica closely misses you. Jessica hits you.
You hit Jessica.
Jessica is heavily wounded.
Jessica hits you but does no damage.
Casting: Magic Dart (safe; 6% risk of failure)
Confirm with . or Enter, or press ? or * to list all spells.
Aiming: Magic Dart (safe; 6% risk of failure)
Press: ? - help, Shift-Dir - straight line, f/p - Jessica
Aim: Jessica, wearing a robe (heavily wounded, fast)
The magic dart hits Jessica.
Jessica is severely wounded.
Jessica gestures wildly while chanting.
Jessica blinks!
Jessica gestures at you while chanting. Pain shoots through your body!
Jessica gestures at you while chanting. Pain shoots through your body!
Ouch! That really hurt!
You die...

#!.##.# #####.##..
.# ......#.# . #
.....#.### ..# #.
#........# ..#
#..##..#.#.#.##..#
#......#.#......#
##...$..@.......#
#.....@..##.#..#
##.......##.#..#
#..(....##....#
#.......####..#
###.......####..# .
...)...........#
#.###...########...#
.......##.......#.#
#.#...##.#####.#.#


You could see Jessica.

Vanquished Creatures
  An ooze (D:1)
  A leopard gecko (D:1)
  3 bats (D:1)
  4 hobgoblins (D:1)
  3 frilled lizards (D:1)
  2 goblins
  3 kobolds (D:1)
  3 rats (D:1)
20 creatures vanquished.

Notes
Turn   | Place    | Note
-------+----------+-------------------------------------------
     0 | D:1      | Mgcat the Draconian Wizard began the quest for the Orb.
     0 | D:1      | Reached XP level 1. HP: 14/14 MP: 4/4
   236 | D:1      | Reached XP level 2. HP: 17/20 MP: 0/6
   252 | D:1      | Learned a level 2 spell: Slow
   518 | D:1      | Reached skill level 2 in Conjurations
   785 | D:2      | Noticed Jessica
   803 | D:2      | Killed from afar by Jessica

Vault maps used:
D:1:      lightli_iron_boxes
D:2:      grunt_decor_cap, uniq_jessica

Skill      XL: |  1  2 |
---------------+-------+-----
Conjurations   | 2 |  2.1
Dodging        | |  1.7
Stealth        | |  1.7
Spellcasting   | |  3.4
Summonings     | |  1.0
Translocations | |  1.0

Action                   || total
-------------------------++-------
Melee: Dagger            ||    20
       Tailslap          ||     2
 Cast: Magic Dart        ||    43
       Slow              ||     2
Armor: Skin              ||     7
Dodge: Dodged            ||    15

Table legend:
 A = Non-vault XP
 B = Vault XP
 C = Vault XP percentage of total XP
 D = Non-vault monster count
 E = Vault monster count
 F = Vault count percentage of total count
 G = Total turns spent on level
                 A         B        C        D         E       F
            +---------+---------+-------+---------+---------+-------
      Total |      36 |       0 |   0.0 |      20 |       0 |   0.0
            +---------+---------+-------+---------+---------+-------
        D:1 |      34 |       0 |   0.0 |      19 |       0 |   0.0
        D:2 |       2 |       0 |   0.0 |       1 |       0 |   0.0
            +---------+---------+-------+---------+---------+-------

Vault maps used:
D:1:      lightli_iron_boxes
D:2:      grunt_decor_cap, uniq_jessica

Table legend:
 A = Turns spent in this place as a percentage of turns spent in the entire game.
 B = Non-inter-level travel turns spent in this place as a percentage of non-inter-level travel turns spent in the entire game.
 C = Inter-level travel turns spent in this place as a percentage of turns spent in this place.
 D = Turns resting spent in this place as a percentage of non-inter-level travel turns spent in this place.
 E = Turns spent auto-exploring this place as a percentage of non-inter-level travel turns spent in this place.
 F = Non-inter-level travel turns spent in this place divided by the number of levels of this place that you've seen.
                   A       B       C       D       E      F
               +-------+-------+-------+-------+-------+----------------------
         Total | 100.0 | 100.0 |   2.1 |   0.4 |  84.4 | 393.0
       Dungeon | 100.0 | 100.0 |   2.1 |   0.4 |  84.4 | 393.0
               +-------+-------+-------+-------+-------+----------------------

Table legend:
 A = Kills in this place as a percentage of kills in entire the game.
 B = Kills by you in this place as a percentage of kills by you in the entire game.
 C = Kills by friends in this place as a percentage of kills by friends in the entire game.
 D = Other kills in this place as a percentage of other kills in the entire game.
 E = Experience gained in this place as a percentage of experience gained in the entire game.
 F = Experience gained in this place divided by the number of levels of this place that you have seen.
                   A       B       C       D       E      F
               +-------+-------+-------+-------+-------+----------------------
         Total | 100.0 | 100.0 |   N/A |   N/A | 100.0 |  18.0
       Dungeon | 100.0 | 100.0 |   N/A |   N/A | 100.0 |  18.0
               +-------+-------+-------+-------+-------+----------------------
